Arrhythmia, chaotic female vampiric Convict -------- -------- -------- -------- -------- -------- |......| ##.......| |......| |......| |......| |......| |......| # |......| |....%.| |......| |......| |......| |.......### |......| |.....|| |......| |......| |.%....| |......| |......|####.......| |......| |.......####-......| |......| |>.....-# |......| |.......####-......| |......| -|------ -|------ -------- --.----- -.------ -----.-- ## # # ### ## # # # # # ### # ## ## # -|- -.------ -------- -.------ ----.--- ----|--- ..... |......| |.......### |......| ##.......| |......| |[[[[)[| |......| |......| # |%.....| # |...`..| |......| |[[[[[[| |.......### |......| ##.).....|### |......| |.....>| |[)[[[[| |.....<| # |a.....| |......|# |......| |......| |[[)[[[| |......| ##@o.....| |......+# |......| |......| -------- -------- -------- -------- -------- -------- Arrhythmia the Jail-bird Experience level: 6 Strength: 17 Dexterity: 11 Constitution: 18 Intelligence: 8 Wisdom: 14 Charisma: 6 Health: 0(60) Energy: 40(40) AC: 5 Gold: 314 Moves: 2041 Your Inventory: Coins $ - 314 gold pieces Weapons k - an uncursed [-2] broad pick [dwarvish mattock] Armor b - an uncursed +0 striped shirt (being worn) l - an [uncursed] +0 hard hat [dwarvish iron helm] (being worn) m - an [uncursed] +0 hooded cloak [dwarvish] (being worn) p - an [uncursed] +1 pair of hard shoes [iron] (being worn) Potions o - a [cursed] ruby potion [of levitation] Tools d - an uncursed blindfold g - an [uncursed] bag [sack] q - an [uncursed] stethoscope Gems f - an [uncursed] red gem [worthless glass] Iron balls c - an [uncursed] heavy iron ball (weapon in hand) Spells known in the end: Name Level Category Fail Memory Your skills at the end: Fighting Skills Weapon Skills sling [Basic / Skilled] Spellcasting Skills Final Attributes: You were devoutly aligned. Hunger level was -137. Your alignment was 18 / 20. Monster difficulty range was 0 - 4. Level difficulty was 2. You were immune to level-drain. You were immune to sickness. You could fly. You could survive without air. You regenerated. You were unlucky (-3). Tymora was angry with you (1). You are dead. Vanquished creatures: a dwarf lord a mountain nymph a rock piercer a fog cloud a gnome lord a gray ooze 3 dwarves 2 hill orcs a centipede an iguana an acid blob 2 gas spores a hobbit a brown mold 15 gnomes a gecko 2 jackals a goblin 2 sewer rats 4 grid bugs a lichen 2 kobold zombies 3 newts 49 creatures vanquished. Voluntary challenges: You left the true Path of Zen. You went without food. You never hit with a wielded weapon. You read items or engraved 1 time. You put on armor 7 times. You never genocided any monsters. You never polymorphed an object. You never changed form. You used no wishes. You abstained from Elbereth's help. You never encountered a bones level. You never used any Sokoban shortcuts. Dungeon overview: The Dungeons of Doom: levels 1 to 3 Level 1 a fountain a long staircase Level 2 <- You were here an armor shop stairs to The Gnomish Mines The Gnomish Mines: Level 3 stairs to The Dungeons of Doom History has recorded: On T:1 you entered the Dungeons of Doom to retrieve the Amulet of Yendor! On T:33 you advanced to experience level 2. On T:279 you reached level 2 of The Dungeons of Doom. On T:302 you reached level 3 of The Dungeons of Doom. On T:724 you advanced to experience level 3. On T:886 you advanced to experience level 4. On T:986 you reached level 1 of The Gnomish Mines. On T:999 you advanced to experience level 5. On T:1193 you advanced to experience level 6. Latest messages: [HP-4=34] [HP+1=35] The hobgoblin swings his curved sword. The hobgoblin hits! [HP-7=28] The hobgoblin swings his curved sword. The hobgoblin hits! [HP-5=23] The hobgoblin swings his curved sword. The hobgoblin hits! [HP-1=22] The giant ant bites! [HP-3=19] The giant ant bites! The hobgoblin swings his curved sword. The hobgoblin hits! The giant ant bites! [HP-12=7] The giant ant bites! The hobgoblin swings his curved sword. The hobgoblin hits! You die... The sack is empty. Final status: Goodbye Arrhythmia the Convict... You died in The Dungeons of Doom on dungeon level 2 with 1887 points, and 314 pieces of gold, after 2041 moves. You were level 6 with a maximum of 60 hit points when you died.